cohdb
Replays
Latest Replays
All Replays
Popular Replays
Top Player Replays
Match Explorer
How It Works
Community
CoH3 Stats
Reddit
Sign in to upload your games and track your stats! →
Sign in with Steam
Match 40726678
Unlisted
Match 40726678
Overview
Messages
Build Orders
End
Pioneer Squad
Construct Infanterie Kompanie
Grenadier Squad
MG 42 Machine Gun Team
Grenadier Squad
Medical Station
Grenadier Squad
Selects Breakthrough Battlegroup
Selects Assault Grenadiers
Infanterie Officer Quarters
Construct Luftwaffe Kompanie
Flak 30 Anti-aircraft Gun Team
Flak 30 Anti-aircraft Gun Team
Selects 2.5-tonne Cargo Truck
221 Scout Car
Support Elements
Marder III M Tank Destroyer
Marder III M Tank Destroyer
Marder III M Tank Destroyer
AI Takeover
HamsterParty
[GG]Quiq
0
0
Comments
sign in to comment!
No comments posted yet!